 Dungeon Crawl Stone Soup version 0.27.1-35-g4d5d836560 (webtiles) character file.

Game seed: 15531190882959247756

1344 Delamore the Covert (level 8, -5/50 HPs)
             Began as an Octopode Brigand on Apr 18, 2022.
             Slain by an ice beast (11 damage)
             ... on level 5 of the Dungeon.
             The game lasted 00:06:25 (6592 turns).

Delamore the Covert (Octopode Brigand)              Turns: 6592, Time: 00:06:26

Health: -5/50      AC:  1    Str: 10    XL:     8   Next: 62%
Magic:  0/8        EV: 12    Int: 14    God:
Gold:   96         SH:  0    Dex: 15    Spells: 7/7 levels left

rFire    . . .     SeeInvis .   a - +3 dagger
rCold    . . .     Faith    .   (no shield)
rNeg     . . .     Spirit   +   (helmet restricted)
rPois    .         Reflect  .   t - amulet of guardian spirit
rElec    .         Harm     .   (no ring)
rCorr    .         Rampage  .   (no ring)
Will     .....                  (no ring)
Stlth    +++++.....             (no ring)
HPRegen  0.16/turn              (no ring)
MPRegen  0.11/turn              (no ring)
                                (no ring)
                                (no ring)

@: no status effects
A: almost no armour, amphibious, 8 rings, camouflage 1, gelatinous body 1,
(nimble swimmer 1), tentacles
a: no special abilities


You were on level 5 of the Dungeon.
You visited 1 branch of the dungeon, and saw 6 of its levels.

You collected 168 gold pieces.
You spent 72 gold pieces at shops.

Inventory:

Hand Weapons
 a - a +3 dagger (weapon)
 c - a +0 rapier
Missiles
 b - 8 poisoned darts
 h - 5 silver boomerangs
 v - a curare-tipped dart (quivered)
Jewellery
 t - an amulet of guardian spirit (around mantle)
Wands
 q - a wand of flame (43)
 s - a wand of digging (6)
Scrolls
 f - a scroll of enchant armour
 g - a scroll of immolation
 j - a scroll of amnesia {unknown}
 l - a scroll of magic mapping {unknown}
 m - a scroll of teleportation
 n - a scroll of fog {unknown}
 p - 2 scrolls of enchant weapon
 u - a scroll of blinking {unknown}
Potions
 d - 2 potions of curing
 e - 2 potions of flight {unknown}
 i - 3 potions of lignification {unknown}
 k - a potion of magic {unknown}
 o - a potion of ambrosia {unknown}
 r - a potion of cancellation {unknown}
 w - a potion of invisibility {unknown}
 x - a potion of resistance {unknown}


   Skills:
 - Level 2.0 Fighting
 * Level 8.7 Short Blades
 - Level 2.0 Throwing
 - Level 1.0 Dodging
 + Level 9.9 Stealth


You had 7 spell levels left.
You didn't know any spells.
Your spell library contained the following spells:

 Spells                   Type           Power      Damage    Failure   Level
 Blink                    Tloc           N/A        N/A       41%         2
 Lesser Beckoning         Tloc           0%         N/A       65%         3
 Manifold Assault         Tloc           0%         N/A       100%        5


Dungeon Overview and Level Annotations

Branches:
Dungeon (6/15)
 Temple: D:4-7

Altars:
Makhleb
Qazlal
Vehumet
Wu Jian

Shops:
D:2 *


Innate Abilities, Weirdness & Mutations

You cannot wear most types of armour.
You are amphibious.
You can wear up to eight rings at the same time.
Your skin changes colour to match your surroundings (Stealth+).
Your rubbery body absorbs attacks. (AC +1, EV +1)
((You are camouflaged near water. (Stealth+)))
You have tentacles for arms and can constrict up to eight enemies at once.


Message History

The ice beast hits you. The ice beast freezes you.
The orc wizard hits you with a +0 dagger.
You climb upwards.
There is a stone staircase leading down here.
You hit the orc wizard but do no damage.
You grab the orc wizard.
The orc wizard is lightly wounded.
You constrict the orc wizard, but do no damage.
The ice beast misses you.
The orc wizard hits you with a +0 dagger.
Throw: 2 darts (curare)
Press: ? - help, Q - select action, (/) - cycle Shift-Dir - straight line, f - orc wizard
Aim: an orc wizard, wielding a +0 dagger and wearing a +0 robe (lightly wounded, constricted by you, 90% to hit)
You throw a curare-tipped dart.
The curare-tipped dart hits the orc wizard.
The orc wizard is poisoned.
The orc wizard convulses.
The orc wizard seems to slow down.
The orc wizard is heavily wounded.
You constrict the orc wizard, but do no damage.
The ice beast hits you. The ice beast freezes you!
* * * LOW HITPOINT WARNING * * *
You release your grip on the orc wizard.
The orc wizard mumbles some strange words.
The orc wizard flickers and vanishes!
Deactivating autopickup; reactivate with Ctrl-A.
Aiming: Throw Flame
Press: ? - help, Shift-Dir - straight line, f - ice beast
Aim: an ice beast (lightly wounded, 68% to hit)
The puff of flame hits the ice beast.
The ice beast melts!
The ice beast is moderately wounded.
The ice beast misses you.
Aiming: Throw Flame
Press: ? - help, Shift-Dir - straight line, f/p - ice beast
Aim: an ice beast (moderately wounded, 68% to hit)
The puff of flame hits the ice beast but does no damage.
The ice beast is moderately wounded.
The ice beast hits you.
* * * LOW HITPOINT WARNING * * *
The ice beast freezes you!
You die...

### #.## #### ##.####..## ### #
##..#....####.###### #
#.#.........##.##.### # ###
#######.....####.....## # #.##
##.# ###..####.......### #
#..###.## ##@#>(..........###
..#.....### ##.Y...............
#.##......#####..................
#[#...........))...##...........#
#<).#...............#...#......##
###.####.......###.....###.....#
#.#####.....## ##...## ##....#
#.##......### #....# ##...#
#.##.###...#####....# ##.##


You could see an ice beast.

Vanquished Creatures
  Eustachio (D:4)
  2 yaks
  Duvessa (D:4)
  A necrophage (D:5)
  A phantom (D:5)
  A bullfrog (D:4)
  Dowan (D:4)
  A scorpion (D:5)
  A centaur zombie (D:5)
  A bullfrog skeleton (D:5)
  A bullfrog zombie (D:5)
  A hound (D:5)
  A jelly (D:5)
  A centaur skeleton (D:5)
  An iguana (D:4)
  4 orc wizards
  2 hound skeletons
  A howler monkey skeleton (D:5)
  5 adders
  2 worms (D:4)
  3 dart slugs
  14 orcs
  4 ball pythons
  2 bats
  12 endoplasms
  5 giant cockroaches
  9 goblins
  6 hobgoblins
  4 jackals (D:1)
  8 quokkas
  3 frilled lizards
  4 kobolds
  2 rats
106 creatures vanquished.

Vanquished Creatures (others)
  A jelly (D:4)
1 creature vanquished.

Grand Total: 107 creatures vanquished

Notes
Turn   | Place    | Note
-------+----------+-------------------------------------------
     0 | D:1      | Delamore the Octopode Brigand began the quest for the Orb.
     0 | D:1      | Reached XP level 1. HP: 14/14 MP: 1/1
    98 | D:1      | Reached XP level 2. HP: 13/19 MP: 2/2
   440 | D:1      | Reached XP level 3. HP: 22/24 MP: 3/3
   594 | D:1      | Found a faded altar of an unknown god.
   928 | D:2      | Reached skill level 6 in Stealth
  1267 | D:2      | Found Xunes's General Store.
  1276 | D:2      | Bought a potion of curing for 36 gold pieces
  1276 | D:2      | Bought a scroll of teleportation for 36 gold pieces
  1405 | D:3      | Reached XP level 4. HP: 29/29 MP: 4/4
  2426 | D:4      | Found a radiant altar of Vehumet.
  2563 | D:4      | Noticed Dowan
  2563 | D:4      | Noticed Duvessa
  2565 | D:4      | Noticed a bullfrog
  2824 | D:4      | Noticed Eustachio
  2848 | D:4      | Killed a bullfrog
  2849 | D:4      | Reached XP level 5. HP: 34/34 MP: 5/5
  2873 | D:4      | Killed Duvessa
  2874 | D:4      | Reached skill level 5 in Short Blades
  2874 | D:4      | Reached skill level 7 in Stealth
  2874 | D:4      | Reached XP level 6. HP: 20/39 MP: 6/6
  2878 | D:4      | Found a stormy altar of Qazlal.
  3181 | D:4      | Killed Dowan
  3689 | D:4      | Killed Eustachio
  3690 | D:4      | Reached skill level 8 in Stealth
  3690 | D:4      | Reached XP level 7. HP: 11/45 MP: 2/7
  3952 | D:4      | Found an ornate altar of the Wu Jian Council.
  4215 | D:5      | Entered Level 5 of the Dungeon
  5017 | D:5      | Found a burning altar of Makhleb.
  5267 | D:5      | Reached XP level 8. HP: 44/50 MP: 8/8
  5310 | D:5      | Reached skill level 9 in Stealth
  6359 | D:6      | Noticed a yak
  6359 | D:6      | Noticed a yak
  6359 | D:6      | Noticed a yak
  6361 | D:6      | Killed a yak
  6381 | D:5      | Killed a yak
  6592 | D:5      | Slain by an ice beast

Illustrated notes

Levels and vault maps discovered:
D:1:      dpeg_arrival_radiant, layout_basic, ebering_ecumenical_altar_mist,
          minivault_27
D:2:      layout_rooms, serial_shops, nicolae_shop_trees
D:3:      layout_basic
D:4:      layout_cave_pools, grunt_qazlal_clouds, vehumet_altar_wand_db,
          nzn_wu_jian_council_hall, cheibrodos_sewer_entry_bend,
          corexii_leaking_fountain, minmay_starry_boxes, uniq_eustachio,
          uniq_duvessa
D:5:      layout_layer_cave, mainiacjoe_overflow_six_doors_small
D:6:      layout_rooms, mainiacjoe_overflow_tiny_flanked,
          mainiacjoe_overflow_alcove_4, minmay_temple_entry_trees,
          kennysheep_doodads, minmay_fractal_squares_diagonal_5, uniq_maggie,
          uniq_prince_ribbit1

Skill      XL: |  1  2  3  4  5  6  7  8 |
---------------+-------------------------+-----
Short Blades   | 3 4 5 6 7 8 |  8.7
Stealth        | 6 7 8 9 |  9.9
Fighting       | |  2.0
Throwing       | |  2.0
Dodging        | |  1.0

Action                   |  1- 3 |  4- 6 |  7- 9 || total
-------------------------+-------+-------+-------++-------
Melee: Dagger            |    72 |   104 |   116 ||   292
       Tentacles         |    10 |    17 |    22 ||    49
       Constrict         |    13 |    19 |    20 ||    52
Throw: Dart              |       |    13 |     1 ||    14
Evoke: Wand              |       |       |     2 ||     2
  Use: Scroll            |       |     2 |     2 ||     4
       Potion            |       |       |     2 ||     2
 Stab: Sleeping          |    15 |     5 |    11 ||    31
       Distracted        |       |     1 |       ||     1
Armor: Skin              |     4 |     8 |     2 ||    14
Dodge: Dodged            |    35 |    39 |    48 ||   122
